 Dungeon Crawl Stone Soup version 0.30-a0-331-g8ab09dc110 (webtiles) character file.

Game seed: 9570653622837858887

23052 McGhostyFace the Spear-Bearer (level 13, -3/109 HPs)
             Began as a Gnoll Reaver on Oct 30, 2022.
             Was an Elder of Ashenzari.
             Slain by a white ugly thing (25 damage)
             ... on level 13 of the Dungeon.
             The game lasted 00:44:08 (13477 turns).

McGhostyFace the Spear-Bearer (Gnoll Reaver)       Turns: 13477, Time: 00:44:08

Health: -3/109     AC: 12    Str:  9    XL:     13   Next: 4%
Magic:  27/29      EV: 14    Int: 21    God:    Ashenzari [****..]
Gold:   795        SH: 10    Dex: 10    Spells: 25/37 levels left

rFire   . . .      SeeInvis +    P - +8 trident of the Octopus King {venom, rElec rPois}
rCold   . . .      Faith    .    H - +0 kite shield "Tethered Together" {Elem, Cun} (curse)
rNeg    . . .      Spirit   .    x - +0 troll leather armour of Ashenzari's Black Moon {Regen+, Pargi, Fort, Bglg} (curse)
rPois   +          Reflect  .    F - +0 helmet of the Perceptive Fetters {Elem, Cun} (curse)
rElec   +          Harm     .    E - +0 cloak of Ashenzari's Stickiness {Self, Elem} (curse)
rCorr   +          Rampage  .    h - +0 pair of gloves of Ashenzari's Malaise {Self, Range} (curse)
Will    .....      Clarity  +    N - +1 pair of boots "I Knew You'd Do That" {Alch, Elem} (curse)
Stlth   ++++......               o - amulet of the acrobat
HPRegen 1.18/turn                R - +4 ring of slaying
MPRegen 0.21/turn                m - ring of resist corrosion

@: no status effects
A: fangs 1, strong nose, distributed training, clever 1, weak 1
a: Renounce Religion, Curse Item, Shatter the Chains


You were on level 13 of the Dungeon.
You worshipped Ashenzari.
Ashenzari was greatly pleased with you.
You visited 2 branches of the dungeon, and saw 15 of its levels.

You collected 795 gold pieces.

Inventory:

Hand Weapons
 f - a +2 dagger of venom
 D - a +0 spear of flaming
 P - the +8 trident of the Octopus King (weapon) {venom, rElec rPois}
   (You found it on level 8 of the Dungeon)

   It poisons the flesh of those it strikes.
   rElec:     It insulates you from electricity.
   rPois:     It protects you from poison.
Missiles
 M - 3 javelins (quivered)
Armour
 h - the cursed +0 pair of gloves of Ashenzari's Malaise (worn) {Self, Range}
   (You found it on level 4 of the Dungeon)

   It has a curse which improves the following skills: Introspection: Fighting
   and Spellcasting.
   Ranged Combat: Ranged Weapons and Throwing.
 x - the cursed +0 troll leather armour of Ashenzari's Black Moon (worn) {Regen+, Pargi, Fort, Bglg}
   (You found it on level 3 of the Dungeon)

   Regen:     It increases your rate of health regeneration.
   It has a curse which improves the following skills: Fortitude: Armour and
   Shields.
   Beguiling: Conjurations, Hexes and Translocations.
 E - the cursed +0 cloak of Ashenzari's Stickiness (worn) {Self, Elem}
   (You took it off Crazy Yiuf on level 3 of the Dungeon)

   It has a curse which improves the following skills: Introspection: Fighting
   and Spellcasting.
   Elements:  Fire Magic, Ice Magic, Air Magic and Earth Magic.
 F - the cursed +0 helmet of the Perceptive Fetters (worn) {Elem, Cun}
   (You found it on level 4 of the Dungeon)

   It has a curse which improves the following skills: Elements: Fire Magic, Ice
   Magic, Air Magic and Earth Magic.
   Cunning:   Dodging and Stealth.
 H - the cursed +0 kite shield "Tethered Together" (worn) {Elem, Cun}
   (You found it on level 4 of the Dungeon)

   It has a curse which improves the following skills: Elements: Fire Magic, Ice
   Magic, Air Magic and Earth Magic.
   Cunning:   Dodging and Stealth.
 N - the cursed +1 pair of boots "I Knew You'd Do That" (worn) {Alch, Elem}
   (You found it on level 7 of the Dungeon)

   It has a curse which improves the following skills: Alchemy: Poison Magic and
   Transmutations.
   Elements:  Fire Magic, Ice Magic, Air Magic and Earth Magic.
Jewellery
 k - a +6 ring of dexterity
 m - a ring of resist corrosion (right hand)
 o - an amulet of the acrobat (around neck)
 O - a ring of poison resistance
 R - a +4 ring of slaying (left hand)
 S - a ring of ice
Wands
 i - a wand of polymorph (1)
 n - a wand of charming (8)
 q - a wand of acid (7)
 J - a wand of flame (21)
 V - a wand of iceblast (2)
Scrolls
 a - 2 scrolls of brand weapon
 c - 4 scrolls of amnesia
 d - 5 scrolls of fear
 e - 5 scrolls of poison
 g - a scroll of enchant weapon
 p - 2 scrolls of fog
 s - 12 scrolls of teleportation
 t - 2 scrolls of immolation
 v - 3 scrolls of torment
 y - a scroll of vulnerability
 A - 2 scrolls of magic mapping
 C - 13 scrolls of identify
 G - 2 scrolls of silence
 L - a scroll of blinking
 U - a scroll of enchant armour
Potions
 b - 6 potions of ambrosia
 j - 4 potions of might
 l - 5 potions of flight
 r - 2 potions of attraction
 u - 2 potions of heal wounds
 w - 8 potions of curing
 z - 5 potions of haste
 B - a potion of berserk rage
 I - a potion of invisibility
 K - a potion of resistance
 Q - a potion of magic
 T - 2 potions of lignification


   Skills:
 + Level 9.4(12.4) Fighting
 + Level 8.1 Short Blades
 + Level 8.1 Long Blades
 + Level 8.1 Axes
 + Level 8.1 Maces & Flails
 + Level 10.5 Polearms
 + Level 8.1 Staves
 + Level 8.1(10.2) Ranged Weapons
 + Level 8.1(10.2) Throwing
 + Level 8.1(10.2) Armour
 + Level 9.4(12.4) Dodging
 + Level 8.1(11.2) Stealth
 + Level 8.1(10.2) Shields
 + Level 8.1 Unarmed Combat
 + Level 9.6(12.6) Spellcasting
 + Level 8.8(10.8) Conjurations
 + Level 6.8(8.8) Hexes
 + Level 6.8 Summonings
 + Level 6.8 Necromancy
 + Level 6.8(8.8) Translocations
 + Level 6.8(8.8) Transmutations
 + Level 6.8(11.5) Fire Magic
 + Level 6.8(11.5) Ice Magic
 + Level 6.8(11.5) Air Magic
 + Level 6.8(11.5) Earth Magic
 + Level 6.8(8.8) Poison Magic
 + Level 8.9 Invocations
 + Level 8.1 Evocations


You had 25 spell levels left.
You knew the following spells:

 Your Spells              Type           Power      Damage    Failure   Level
a - Kiss of Death         Conj/Necr      100%       2d13      1%          1
b - Momentum Strike       Conj/Tloc      100%       3d10      1%          2
c - Blink                 Tloc           100%       N/A       1%          2
d - Ozocubu's Armour      Ice            57%        N/A       1%          3
e - Manifold Assault      Tloc           50%        N/A       3%          4

Your spell library contained the following spells:

 Spells                   Type           Power      Damage    Failure   Level
 Freeze                   Ice            100%       1d10      1%          1
 Sublimation of Blood     Necr           41%        N/A       1%          2
 Frozen Ramparts          Ice            100%       1d16      1%          3
 Hailstorm                Conj/Ice       56%        3d12      1%          3
 Petrify                  Tmut/Erth      54%        N/A       2%          4
 Metabolic Englaciation   Hex/Ice        27%        N/A       6%          5
 Irradiate                Conj/Tmut      26%        3d20      7%          5
 Simulacrum               Ice/Necr       25%        N/A       45%         6
 Storm Form               Tmut/Air       27%        N/A       88%         7


Dungeon Overview and Level Annotations

Branches:
Dungeon (14/15)            Temple (1/1) D:5            Lair (0/5) D:8
    Orc (0/2) D:11
 Vaults: D:13-14

Altars:
Ashenzari
Cheibriados
Dithmenos
Elyvilon
Fedhas
Gozag
Hepliaklqana
Kikubaaqudgha
Makhleb
Nemelex Xobeh
Okawaru
Qazlal
Ru
Sif Muna
Trog
Uskayaw
Vehumet
Wu Jian
Xom
Yredelemnul
Zin
The Shining One

Shops:
D:14 (

Portals:
Trove: D:10 (give horn of Geryon)


Innate Abilities, Weirdness & Mutations

You have very sharp teeth.
Your uncanny sense of smell can sniff out nearby items.
Your experience applies equally to all skills.
Your mind is acute. (Int +4, Str/Dex -1)
You are weak. (Str -2)


Message History

The white ugly thing is lightly wounded.
The white ugly thing pecks you. The white ugly thing freezes you!!
You hit the white ugly thing but do no damage.
The white ugly thing looks as sick as possible!
The white ugly thing is lightly wounded.
The white ugly thing pecks you. The white ugly thing freezes you!!
You puncture the white ugly thing!
The white ugly thing looks as sick as possible!
The white ugly thing is lightly wounded.
The white ugly thing completely misses you.
You puncture the white ugly thing!
The white ugly thing is moderately wounded.
You block the white ugly thing's attack.
You hit the white ugly thing.
The white ugly thing looks as sick as possible!
You bite the white ugly thing, but do no damage.
The white ugly thing is moderately wounded.
The white ugly thing pecks you but does no damage.
You puncture the white ugly thing! Your bite misses the white ugly thing.
The white ugly thing is heavily wounded.
The white ugly thing pecks you. The white ugly thing freezes you!!
* * * LOW HITPOINT WARNING * * *
Things that are here:
a +0 leather armour; a +0 club; an orc corpse
Casting: Ozocubu's Armour (safe; 1% risk of failure)
Confirm with . or Enter, or press ? or * to list all spells.
You blink.
The white ugly thing attacks as you move away!
The white ugly thing pecks you.
* * * LOW HITPOINT WARNING * * *
The white ugly thing freezes you!!
* * * LOW HITPOINT WARNING * * *
You feel much better.
You block the white ugly thing's attack.
Casting: Blink (safe; 1% risk of failure)
Confirm with . or Enter, or press ? or * to list all spells.
You blink.
The white ugly thing pecks you.
* * * LOW HITPOINT WARNING * * *
The white ugly thing freezes you!!
You die...

###.#.#.#######...##...##..# #.
..........#.......##...##..#####.
###.......#.##...................
#.#.#...#.##.##....####........
#.#.#...#......:..............#
#.#†#...#.###.#....#.....####.#
#.#.....(...(....#.#.##### #.#
#.####.##.##.............# #.#
#.# #........@....#####.# ###
#.###########u##.#.### #.#
#...........§.####...# #.#
#.############# #.#.###.######
#.# #.#..........# ###
#.#####...##.# ##.#######.##.#
#.............. ###############


You could see a white ugly thing (very poisoned).

Vanquished Creatures
  2 hydras (D:13)
  2 boulder beetles (D:12)
  4 two-headed ogres
  2 tengu warriors (D:11)
  10 ugly things
  3 cyclopes
  Maurice (D:9)
  An unseen horror (D:11)
  An efreet (D:13)
  2 kobold demonologists (D:10)
  4 trolls
  3 slime creatures (D:13)
  15 yaks
  2 shadows
  A wyvern (D:9)
  5 wraiths
  A golden eye (shapeshifter) (D:13)
  A steam dragon (D:7)
  7 vampire mosquitoes
  2 water moccasins
  Pargi (D:3)
  An ice beast (D:6)
  5 orc warriors
  2 sky beasts (D:6)
  A black bear (D:6)
  2 centaurs
  3 ogres
  A phantom (D:5)
  A bullfrog (D:7)
  12 kobold brigands
  2 necrophages (D:6)
  A gnoll sergeant (D:10)
  A scorpion (D:5)
  8 wights
  5 killer bees (D:8)
  A howler monkey (D:11)
  2 jellies
  4 hounds
  12 orc priests
  Crazy Yiuf (D:3)
  9 orc wizards
  9 adders
  9 gnolls
  2 shadow imps (D:10)
  2 white imps
  2 worms
  4 dart slugs
  42 orcs
  4 endoplasms
  7 giant cockroaches
  10 hobgoblins
  6 quokkas
  9 ball pythons
  3 bats
  4 frilled lizards
  17 goblins
  43 kobolds
  9 kobold skeletons (D:10)
  9 kobold zombies (D:10)
  7 rats
  A spectral goblin (D:11)
343 creatures vanquished.

Vanquished Creatures (collateral kills)
  An orc knight (D:13)
  2 orcs (D:13)
  2 kobolds (D:9)
5 creatures vanquished.

Vanquished Creatures (others)
  A two-headed ogre (D:13)
  A deep elf pyromancer (D:13)
  Sigmund (D:3)
  Menkaure (D:5)
  A water moccasin (D:6)
  A black bear (D:5)
  A gnoll sergeant (D:4)
  A scorpion (D:7)
  An orc priest (D:6)
  An iguana (D:6)
  Robin (D:3)
  A plant (D:7)
12 creatures vanquished.

Grand Total: 360 creatures vanquished

Notes
Turn   | Place    | Note
-------+----------+-------------------------------------------
     0 | D:1      | McGhostyFace the Gnoll Reaver began the quest for the Orb.
     0 | D:1      | Reached XP level 1. HP: 20/20 MP: 6/6
   273 | D:1      | Reached XP level 2. HP: 26/26 MP: 7/7
  1019 | D:2      | Reached skill level 5 in Spellcasting
  1019 | D:2      | Reached XP level 3. HP: 26/31 MP: 7/9
  1155 | D:2      | Learned a level 2 spell: Momentum Strike
  1185 | D:2      | Reached skill level 1 in Invocations
  1472 | D:3      | Reached skill level 1 in Short Blades
  1472 | D:3      | Reached skill level 1 in Long Blades
  1472 | D:3      | Reached skill level 1 in Axes
  1472 | D:3      | Reached skill level 1 in Maces & Flails
  1472 | D:3      | Reached skill level 1 in Staves
  1472 | D:3      | Reached skill level 1 in Ranged Weapons
  1472 | D:3      | Reached skill level 1 in Throwing
  1472 | D:3      | Reached skill level 1 in Armour
  1472 | D:3      | Reached skill level 1 in Stealth
  1472 | D:3      | Reached skill level 1 in Shields
  1472 | D:3      | Reached skill level 1 in Unarmed Combat
  1472 | D:3      | Reached skill level 1 in Evocations
  1582 | D:3      | Reached XP level 4. HP: 15/38 MP: 11/11
  1832 | D:3      | Noticed Robin
  1848 | D:3      | Reached skill level 1 in Hexes
  1848 | D:3      | Reached skill level 1 in Summonings
  1848 | D:3      | Reached skill level 1 in Necromancy
  1848 | D:3      | Reached skill level 1 in Translocations
  1848 | D:3      | Reached skill level 1 in Transmutations
  1848 | D:3      | Reached skill level 1 in Fire Magic
  1848 | D:3      | Reached skill level 1 in Ice Magic
  1848 | D:3      | Reached skill level 1 in Air Magic
  1848 | D:3      | Reached skill level 1 in Earth Magic
  1848 | D:3      | Reached skill level 1 in Poison Magic
  1856 | D:3      | Killed Robin
  1941 | D:3      | Reached XP level 5. HP: 15/43 MP: 12/12
  2181 | D:3      | Found a hazy altar of Hepliaklqana.
  2181 | D:3      | Found a blossoming altar of Fedhas.
  2243 | D:3      | Noticed Pargi
  2258 | D:3      | Killed Pargi
  2398 | D:3      | Reached XP level 6. HP: 50/50 MP: 13/13
  2454 | D:3      | Reached skill level 5 in Fighting
  2454 | D:3      | Reached skill level 5 in Dodging
  2814 | D:3      | Found a runed translucent door.
  2815 | D:3      | Noticed Crazy Yiuf
  2874 | D:3      | Noticed Sigmund
  2898 | D:3      | Killed Sigmund
  2899 | D:3      | Reached skill level 7 in Polearms
  2899 | D:3      | Reached XP level 7. HP: 35/56 MP: 12/15
  3011 | D:3      | Killed Crazy Yiuf
  4090 | D:5      | Entered Level 5 of the Dungeon
  4091 | D:5      | Noticed Menkaure
  4109 | D:5      | Killed Menkaure
  4247 | D:5      | Found a hide-covered altar of Uskayaw.
  4372 | D:5      | Reached XP level 8. HP: 63/63 MP: 16/16
  4422 | D:5      | Learned a level 2 spell: Blink
  4467 | D:5      | Found a staircase to the Ecumenical Temple.
  4601 | Temple   | Entered the Ecumenical Temple
  5263 | D:5      | Found a broken altar of Ashenzari.
  5288 | D:5      | Became a worshipper of Ashenzari the Shackled
  5592 | D:6      | Found a bloodstained altar of Trog.
  5597 | D:6      | Found an ornate altar of the Wu Jian Council.
  5597 | D:6      | Found an iron altar of Okawaru.
  5690 | D:6      | Noticed a troll
  5724 | D:6      | Killed a troll
  5725 | D:6      | Reached XP level 9. HP: 28/69 MP: 11/18
  6464 | D:7      | Identified the +2 hand axe "Venum" {venom, rN+ Dex+3}
  6549 | D:7      | Reached skill level 8 in Polearms
  6904 | D:8      | Found the +8 trident of the Octopus King {venom, rElec
                  | rPois}
  6941 | D:8      | Reached skill level 5 in Invocations
  7120 | D:8      | Found a staircase to the Lair.
  7120 | D:8      | Noticed a fire crab
  7196 | D:8      | Reached * piety under Ashenzari
  7220 | D:8      | Found a glowing golden altar of the Shining One.
  7879 | D:9      | Noticed a two-headed ogre
  7890 | D:9      | Killed a two-headed ogre
  7891 | D:9      | Reached skill level 5 in Short Blades
  7891 | D:9      | Reached skill level 5 in Long Blades
  7891 | D:9      | Reached skill level 5 in Axes
  7891 | D:9      | Reached skill level 5 in Maces & Flails
  7891 | D:9      | Reached skill level 5 in Staves
  7891 | D:9      | Reached skill level 5 in Ranged Weapons
  7891 | D:9      | Reached skill level 5 in Throwing
  7891 | D:9      | Reached skill level 5 in Armour
  7891 | D:9      | Reached skill level 5 in Stealth
  7891 | D:9      | Reached skill level 5 in Shields
  7891 | D:9      | Reached skill level 5 in Unarmed Combat
  7891 | D:9      | Reached skill level 5 in Evocations
  7891 | D:9      | Reached XP level 10. HP: 48/80 MP: 15/22
  8494 | D:9      | Noticed Maurice
  8530 | D:9      | Killed Maurice
  8807 | D:9      | Reached skill level 9 in Polearms
  8869 | D:9      | Reached ** piety under Ashenzari
  8984 | D:9      | Reached skill level 5 in Hexes
  8984 | D:9      | Reached skill level 5 in Summonings
  8984 | D:9      | Reached skill level 5 in Necromancy
  8984 | D:9      | Reached skill level 5 in Translocations
  8984 | D:9      | Reached skill level 5 in Transmutations
  8984 | D:9      | Reached skill level 5 in Fire Magic
  8984 | D:9      | Reached skill level 5 in Ice Magic
  8984 | D:9      | Reached skill level 5 in Air Magic
  8984 | D:9      | Reached skill level 5 in Earth Magic
  8984 | D:9      | Reached skill level 5 in Poison Magic
  8984 | D:9      | Reached XP level 11. HP: 87/87 MP: 24/24
  9164 | D:9      | Gained mutation: Your body sometimes deteriorates upon
                  | taking damage. [potion of mutation]
  9164 | D:9      | Gained mutation: Your movements are slightly less
                  | encumbered by armour. (ER -2) [potion of mutation]
  9287 | D:10     | Entered Level 10 of the Dungeon
  9290 | D:10     | Found a portal to a secret trove of treasure.
  9359 | D:10     | Learned a level 3 spell: Ozocubu's Armour
  9364 | D:10     | Learned a level 4 spell: Manifold Assault
  9424 | D:10     | Found an opulent altar of Gozag.
  9751 | D:10     | Found an ancient bone altar of Kikubaaqudgha.
  9755 | D:10     | Noticed a sun demon
  9972 | D:10     | Noticed a two-headed ogre
  9983 | D:10     | Killed a two-headed ogre
 10463 | D:11     | Noticed a cyclops
 10476 | D:10     | Noticed a sixfirhy
 10490 | D:11     | Killed a cyclops
 10540 | D:11     | Found a staircase to the Orcish Mines.
 10856 | D:11     | Noticed a tengu warrior
 10857 | D:11     | Noticed a tengu warrior
 10874 | D:11     | Killed a tengu warrior
 11056 | D:11     | Reached *** piety under Ashenzari
 11090 | D:11     | Noticed a red ugly thing
 11101 | D:11     | Killed a red ugly thing
 11192 | D:11     | Killed a tengu warrior
 11251 | D:11     | Found a hazy altar of Hepliaklqana.
 11390 | D:12     | Noticed a boulder beetle
 11402 | D:12     | Killed a boulder beetle
 11470 | D:12     | Lost mutation: Your body sometimes deteriorates upon taking
                  | damage. [potion of mutation]
 11470 | D:12     | Lost mutation: Your movements are slightly less encumbered
                  | by armour. (ER -2) [potion of mutation]
 11470 | D:12     | Gained mutation: You are weak. (Str -2) [potion of
                  | mutation]
 11470 | D:12     | Gained mutation: Your mind is acute. (Int +4, Str/Dex -1)
                  | [potion of mutation]
 11569 | D:12     | Reached **** piety under Ashenzari
 11578 | D:12     | Reached XP level 12. HP: 100/100 MP: 27/27
 11644 | D:12     | Noticed a boulder beetle
 11659 | D:12     | Killed a boulder beetle
 11814 | D:12     | Noticed a two-headed ogre
 11821 | D:12     | Killed a two-headed ogre
 12027 | D:12     | Noticed a two-headed ogre
 12035 | D:12     | Killed a two-headed ogre
 12313 | D:13     | Reached skill level 10 in Polearms
 12724 | D:13     | Noticed a two-headed ogre
 12740 | D:13     | Killed a two-headed ogre
 12961 | D:13     | Noticed a five-headed hydra
 12967 | D:13     | Killed a five-headed hydra
 13052 | D:14     | Noticed a six-headed hydra
 13052 | D:14     | Found Jefuxtess's Antique Weapon Emporium.
 13392 | D:13     | Killed a six-headed hydra
 13442 | D:13     | Reached XP level 13. HP: 85/109 MP: 29/29
 13458 | D:13     | HP: 5/109 [white ugly thing (34)]
 13475 | D:13     | HP: 1/109 [white ugly thing (18)]
 13477 | D:13     | Slain by a white ugly thing

Illustrated notes

Levels and vault maps discovered:
D:1:      lemuel_arrival_river_ford, layout_basic, minmay_lizard_pond
D:2:      layout_rooms, corexii_corridor_pit
D:3:      minmay_bubble_buster, layout_basic,
          gammafunk_temple_overflow_elements, minivault_23, uniq_pargi,
          uniq_sigmund, uniq_robin, uniq_crazy_yiuf_cottage
D:4:      layout_loops_cross
D:5:      minmay_skewed_foursquare, layout_basic, nicolae_uskayaw_dance_hall,
          ashenzari_conservatory_becter, minmay_temple_entry_drinking_statues,
          minmay_crystal_room, uniq_menkaure
D:6:      layout_rooms, grunt_temple_overflow_open
D:7:      layout_rooms, nicolae_zen_rock_garden
D:8:      layout_loops_ring, nicolae_tso_swordbearing_angel,
          minmay_lair_entry_lava, nrook_campfire
D:9:      layout_irregular_city, uniq_maurice
D:10:     wander_kiku_kobolds, layout_rooms, lemuel_round_altar,
          nicolae_trove_entry_isolated, lemuel_flamethrower_2
D:11:     layout_loops_ring, orc_0_dummy, nicolae_hepliaklqana_monster_ancestors
D:12:     layout_gridville
D:13:     layout_basic, kennysheep_nondescript
D:14:     layout_rooms, skrybe_vaults_entry_preservation, serial_shops,
          nicolae_stop_n_shop_2, minmay_hidden_floor
Temple:   cyrus_circular_temple

Skill      XL: |  1  2  3  4  5  6  7  8  9 10 11 12 |
---------------+-------------------------------------+-----
Spellcasting   | 5 6 7 8 9 |  9.6
Invocations    | 1 2 3 4 5 6 7 8 |  8.9
Short Blades   | 1 2 3 5 6 7 8 |  8.1
Long Blades    | 1 2 3 5 6 7 8 |  8.1
Axes           | 1 2 3 5 6 7 8 |  8.1
Maces & Flails | 1 2 3 5 6 7 8 |  8.1
Staves         | 1 2 3 5 6 7 8 |  8.1
Ranged Weapons | 1 2 3 5 6 7 8 |  8.1
Throwing       | 1 2 3 5 6 7 8 |  8.1
Armour         | 1 2 3 5 6 7 8 |  8.1
Stealth        | 1 2 3 5 6 7 8 |  8.1
Shields        | 1 2 3 5 6 7 8 |  8.1
Unarmed Combat | 1 2 3 5 6 7 8 |  8.1
Evocations     | 1 2 3 5 6 7 8 |  8.1
Hexes          | 1 2 3 4 5 6 |  6.8
Summonings     | 1 2 3 4 5 6 |  6.8
Necromancy     | 1 2 3 4 5 6 |  6.8
Translocations | 1 2 3 4 5 6 |  6.8
Transmutations | 1 2 3 4 5 6 |  6.8
Fire Magic     | 1 2 3 4 5 6 |  6.8
Ice Magic      | 1 2 3 4 5 6 |  6.8
Air Magic      | 1 2 3 4 5 6 |  6.8
Earth Magic    | 1 2 3 4 5 6 |  6.8
Poison Magic   | 1 2 3 4 5 6 |  6.8
Fighting       | 5 6 7 8 9 |  9.4
Dodging        | 5 6 7 8 9 |  9.4
Polearms       | 7 8 9 10 | 10.5
Conjurations   | 6 7 8 |  8.8

Action                   |  1- 3 |  4- 6 |  7- 9 | 10-12 | 13-15 || total
-------------------------+-------+-------+-------+-------+-------++-------
Melee: Spear             |   154 |   185 |   475 |       |       ||   814
       Bite              |    18 |    14 |    52 |    79 |     1 ||   164
       Punch             |     1 |       |     1 |       |       ||     2
       Trident           |       |       |    67 |   659 |    11 ||   737
Throw: Javelin           |       |       |    17 |    18 |       ||    35
       Dart              |       |       |       |     1 |       ||     1
       Throwing net      |       |       |       |     1 |       ||     1
 Cast: Momentum Strike   |       |     2 |    29 |     5 |       ||    36
       Blink             |       |       |     3 |     2 |     2 ||     7
       Kiss of Death     |       |       |     1 |       |       ||     1
       Manifold Assault  |       |       |       |    14 |       ||    14
       Ozocubu's Armour  |       |       |       |     2 |       ||     2
Invok: Curse Item        |       |       |     2 |     4 |       ||     6
Evoke: Wand              |       |     5 |     3 |     4 |       ||    12
  Use: Scroll            |       |     4 |     1 |     1 |       ||     6
       Potion            |       |       |       |     3 |     1 ||     4
 Stab: Sleeping          |     1 |     6 |     8 |    11 |       ||    26
       Distracted        |       |       |     1 |     1 |       ||     2
       Held in net/web   |       |       |       |     1 |       ||     1
Armor: Leather armour    |    26 |    26 |       |       |       ||    52
       Troll leather arm |       |    16 |   140 |   152 |     4 ||   312
Dodge: Dodged            |    62 |    60 |   287 |   325 |     4 ||   738
Block: Kite shield       |       |       |   177 |   366 |     2 ||   545

Table legend: (Time is in decaauts)
 A = Elapsed time spent in this place.
 B = Non-inter-level travel time spent in this place.
 C = Inter-level travel time spent in this place.
 D = Time resting spent in this place.
 E = Time spent auto-exploring this place.
 F = Levels seen in this place.
 G = Mean time per level.
                   A        B        C        D        E       F      G
               +--------+--------+--------+--------+--------+-----+--------+
         Total |  13350 |  12638 |    712 |   1994 |   7077 |  15 |  890.0 |
       Dungeon |  13286 |  12574 |    712 |   1994 |   7039 |  14 |  949.0 |
        Temple |     63 |     63 |      0 |      0 |     38 |   1 |   63.0 |
               +--------+--------+--------+--------+--------+-----+--------+

Top non-repeatable levels by time:
     D:3: 1633 daAuts
     D:9: 1553 daAuts
     D:5: 1271 daAuts
    D:13: 1151 daAuts
    D:10: 1096 daAuts
     D:1: 956 daAuts
     D:4: 918 daAuts
    D:12: 913 daAuts
    D:11: 903 daAuts
     D:8: 870 daAuts
     D:7: 791 daAuts
     D:6: 730 daAuts
     D:2: 462 daAuts
  Temple: 63 daAuts
    D:14: 33 daAuts
